 Dungeon Crawl Stone Soup version 0.23.2-1-ga50397a (webtiles) character file.

Game seed: 7035458755165143121

1061 Leeroy the Conjurer (level 8, 0/62 HPs)
             Began as a Yellow Draconian Conjurer on Apr 14, 2019.
             Was an Initiate of Sif Muna.
             Succumbed to a worker ant's poison
             ... in the Ecumenical Temple.
             The game lasted 00:17:45 (5584 turns).

Leeroy the Conjurer (Yellow Draconian Conjurer)     Turns: 5584, Time: 00:17:45

Health: 0/62       AC:  9    Str:  7 (9)  XL:     8   Next: 6%
Magic:  11/13      EV: 13    Int: 22 (25) God:    Sif Muna [......]
Gold:   178        SH:  0    Dex: 10 (11) Spells: 4/14 levels left

rFire    . . .     SeeInvis .   B - +6 quarterstaff of Ogeots {venom, Int+2}
rCold    . . .     Gourm    .   (shield currently unavailable)
rNeg     . . .     Faith    .   (armour unavailable)
rPois    +         Spirit   .   (helmet restricted)
rElec    .         Reflect  .   (no cloak)
rCorr    +         Harm     .   (no gloves)
MR       +....     Rnd*Rage +   r - +2 pair of boots {Stlth+}
Stlth    ++........             (no amulet)
HPRegen  0.20/turn              (no ring)
MPRegen  0.13/turn              (no ring)

@: brilliant, lethally poisoned (0 -> -2), flying, very slightly contaminated,
hasted, invisible, very quick
A: spit acid, unfitting armour, berserk 1, magic resistance 1, poison
resistance, weak 1, cold-blooded, acid resistance, AC +6
a: Breathe Acid, Renounce Religion


You were in the Ecumenical Temple.
You worshipped Sif Muna.
Sif Muna was noncommittal.
You were very hungry.

You visited 2 branches of the dungeon, and saw 6 of its levels.

You collected 178 gold pieces.

Inventory:

Hand Weapons
 e - a +0 whip
 m - a +0 short sword
 p - a +0 dagger
 q - a +0 rapier
 t - a +0 blowgun
 y - a +0 trident
 B - the +6 quarterstaff of Ogeots (weapon) {venom, Int+2}
   (You found it on level 4 of the Dungeon)

   It poisons the flesh of those it strikes.
   It affects your intelligence (+2).
 D - a +4 quarterstaff of chaos
 E - a +0 dagger of venom
 I - a +0 fustibalus
Missiles
 a - 244 stones (quivered)
 d - 40 arrows
 g - 14 bolts
 v - 14 curare-tipped needles
 G - 5 tomahawks
 K - 5 poisoned needles
Armour
 r - a +2 pair of boots of stealth (worn)
 u - a +0 shield
 P - a cursed +0 cloak
Magical Staves
 L - an uncursed staff of wizardry {unknown}
Jewellery
 o - an uncursed amulet of harm
 A - a +5 ring of dexterity {unknown}
Wands
 k - a wand of flame (18)
 F - a wand of digging (1)
 N - a wand of random effects (18)
Scrolls
 f - a scroll of fog {unknown}
 i - a scroll of remove curse
 n - a scroll of teleportation {unknown}
 s - 2 scrolls of fear
 z - a scroll of magic mapping {unknown}
 H - 2 scrolls of blinking {unknown}
 M - a scroll of enchant weapon {unknown}
Potions
 x - a potion of agility
Comestibles
 b - 11 rations


   Skills:
 - Level 2.4 Fighting
 - Level 4.0 Short Blades
 - Level 4.1 Dodging
 - Level 2.0 Stealth
 + Level 3.8 Spellcasting
 - Level 7.0 Conjurations


You had 4 spell levels left.
You knew the following spells:

 Your Spells              Type           Power        Failure   Level  Hunger
a - Magic Dart            Conj           ####         1%          1    None
b - Searing Ray           Conj           #####.       1%          2    #......
c - Dazzling Spray        Conj/Hex       ####..       1%          3    ###....
d - Iskenderun's Mystic   Conj           #####...     1%          4    ####...

Your spell library contained the following spells:

 Spells                   Type           Power        Failure   Level  Hunger
 Force Lance              Conj/Tloc      ####....     3%          4    ####...
 Fulminant Prism          Conj/Hex       ####......   3%          4    ####...


Dungeon Overview and Level Annotations

Branches:
Dungeon (5/15)             Temple (1/1) D:5

Altars:
Ashenzari
Dithmenos
Fedhas
Gozag
Kikubaaqudgha
Nemelex Xobeh
Okawaru
Qazlal
Ru
Sif Muna
Trog
Uskayaw
Xom
Yredelemnul
Zin
The Shining One

Shops:
D:5 }


Innate Abilities, Weirdness & Mutations

You can spit globs of acid.
Your golden yellow scales are hard. (AC +6)
You cannot fit into any form of body armour.
You are cold-blooded and may be slowed by cold attacks.
You are resistant to acid. (rCorr)
You tend to lose your temper in combat.
You are resistant to hostile enchantments. (MR+)
Your system is resistant to poisons. (rPois)
You are weak. (Str -2)


Message History

* * * LOW HITPOINT WARNING * * *
You feel sick.
Eat one of 3 chunks of flesh? (ye/n/q)
You eat one of the 3 chunks of flesh.
This raw flesh tastes terrible.
You are feeling very hungry.
* * * LOW HITPOINT WARNING * * *
You feel sick.
There is a lethal amount of poison in your body!
There is a lethal amount of poison in your body!
* * * LOW HITPOINT WARNING * * *
You feel sick.
* * * LOW HITPOINT WARNING * * *
You feel sick.
* * * LOW HITPOINT WARNING * * *
You feel sick.
* * * LOW HITPOINT WARNING * * *
You feel sick.
* * * LOW HITPOINT WARNING * * *
You feel sick.
You die...

≈≈≈≈≈§≈§§≈.....≈§§≈≈≈§§≈≈≈≈≈≈
§≈≈≈§≈≈≈≈.......≈≈≈≈≈§§§≈≈≈≈≈≈
§≈≈≈≈≈≈≈.........§≈≈≈§§≈≈≈≈≈≈≈§
≈§≈≈≈≈≈.....<.....≈≈≈≈≈§§≈≈≈≈≈≈§
≈≈§≈≈≈.............≈≈≈≈≈§§§≈≈§≈≈≈
≈§≈§§..............§§≈≈≈§≈≈≈§≈§≈≈
≈≈≈§...............§.≈≈≈§§§≈§§§≈≈
≈§§.............)†....≈≈≈§§≈§≈§≈≈
≈≈§§.._.........@._...§≈≈≈≈§§§≈≈§
≈.§...................§.≈§§≈§§≈≈≈
.........................≈≈≈≈≈§≈≈
..........................≈≈≈≈§≈≈
.._........._........._....§≈≈≈§≈
............................§≈§≈§
.............................≈≈≈≈
..............................≈§≈
.........................._....≈§


There were no monsters in sight!

Vanquished Creatures
  Prince Ribbit (D:5)
  An ice beast (Temple)
  3 ogres
  A howler monkey (D:4)
  Crazy Yiuf (D:4)
  A hound (D:4)
  A centaur skeleton (D:4)
  An iguana (D:4)
  Ijyb (D:3)
  Natasha (thrice) (D:3)
  4 worker ants
  Robin (D:4)
  5 adders
  2 adder skeletons (D:4)
  A worm (D:4)
  6 dart slugs
  5 leopard geckos
  2 orcs
  3 ball pythons
  6 giant cockroaches
  15 goblins
  12 hobgoblins
  4 jackals (D:4)
  7 bats
  5 frilled lizards
  13 kobolds
  5 rats
  A spectral orc (D:2)
111 creatures vanquished.

Notes
Turn   | Place    | Note
-------+----------+-------------------------------------------
     0 | D:1      | Leeroy the Draconian Conjurer began the quest for the Orb.
     0 | D:1      | Reached XP level 1. HP: 14/14 MP: 3/3
   142 | D:1      | Reached XP level 2. HP: 5/20 MP: 0/5
   146 | D:1      | Learned a level 2 spell: Searing Ray
  1014 | D:2      | Reached skill level 5 in Conjurations
  1014 | D:2      | Reached XP level 3. HP: 19/26 MP: 6/6
  1019 | D:2      | Learned a level 3 spell: Dazzling Spray
  1170 | D:2      | Reached skill level 1 in Fighting
  1266 | D:2      | Found a stormy altar of Qazlal.
  1359 | D:2      | Reached XP level 4. HP: 34/37 MP: 0/7
  1422 | D:2      | Found a sparkling altar of Nemelex Xobeh.
  1464 | D:2      | Found a basalt altar of Yredelemnul.
  2369 | D:3      | Noticed an angel
  2370 | D:3      | Found a shimmering altar of Xom.
  2370 | D:3      | Found a glowing silver altar of Zin.
  2432 | D:3      | Found a hide-covered altar of Uskayaw.
  2476 | D:3      | Noticed Natasha
  2500 | D:3      | Killed Natasha
  2837 | D:3      | Noticed Natasha
  2843 | D:3      | Killed Natasha
  2843 | D:3      | Reached XP level 5. HP: 42/42 MP: 4/10
  2853 | D:3      | Learned a level 4 spell: Iskenderun's Mystic Blast
  3291 | D:3      | Noticed Natasha
  3296 | D:3      | Killed Natasha
  3501 | D:4      | Got a crystal quarterstaff
  3502 | D:4      | Identified the +6 quarterstaff of Ogeots {venom, Int+2}
                  | (You found it on level 4 of the Dungeon)
  3533 | D:4      | Noticed Robin
  3535 | D:4      | Noticed an ogre
  3543 | D:4      | Noticed Ijyb
  3592 | D:3      | HP: 1/42 [ogre/+0 giant club (28)]
  3603 | D:3      | Killed an ogre
  3603 | D:3      | Reached skill level 6 in Conjurations
  3603 | D:3      | Reached XP level 6. HP: 3/50 MP: 5/11
  4003 | D:3      | Killed Ijyb
  4234 | D:4      | Killed Robin
  4335 | D:4      | Reached skill level 7 in Conjurations
  4470 | D:4      | Found a shattered altar of Ashenzari.
  4475 | D:4      | Your scales start taking on a golden yellow colour.
  4475 | D:4      | Reached XP level 7. HP: 53/56 MP: 12/12
  4475 | D:4      | Gained mutation: You are resistant to acid. (rCorr) [Yellow
                  | Draconian growth]
  4625 | D:4      | Found a runed translucent door.
  4626 | D:4      | Noticed Crazy Yiuf
  4758 | D:4      | Killed Crazy Yiuf
  4794 | D:5      | Entered Level 5 of the Dungeon
  4794 | D:5      | Found Xyepyemu's Gadget Shop.
  4796 | D:5      | Noticed Prince Ribbit
  5066 | D:5      | Killed Prince Ribbit
  5083 | D:5      | Found a staircase to the Ecumenical Temple.
  5093 | Temple   | Entered the Ecumenical Temple
  5501 | Temple   | Became a worshipper of Sif Muna the Loreminder
  5553 | Temple   | Reached XP level 8. HP: 24/62 MP: 8/13
  5565 | Temple   | Gained mutation: You are weak. (Str -2) [potion of
                  | mutation]
  5565 | Temple   | Gained mutation: You are resistant to hostile enchantments.
                  | (MR+) [potion of mutation]
  5565 | Temple   | Gained mutation: You tend to lose your temper in combat.
                  | [potion of mutation]
  5565 | Temple   | Gained mutation: Your system is resistant to poisons.
                  | (rPois) [potion of mutation]
  5570 | Temple   | HP: 3/62 [poisoned by a worker ant]
  5575 | Temple   | HP: 2/62 [poisoned by a worker ant]
  5580 | Temple   | HP: 1/62 [poisoned by a worker ant]
  5584 | Temple   | Succumbed to a worker ant's poison

Skill      XL: |  1  2  3  4  5  6  7 |
---------------+----------------------+-----
Conjurations   | 5 6 7 |  7.0
Fighting       | 2 |  2.4
Spellcasting   | 3 |  3.8
Stealth        | 2 |  2.0
Dodging        | 2 4 |  4.1
Short Blades   | 4 |  4.0

Action                   |  1- 3 |  4- 6 |  7- 9 || total
-------------------------+-------+-------+-------++-------
Melee: Whip              |    39 |       |       ||    39
       Unarmed           |     2 |       |       ||     2
       Tailslap          |     9 |    14 |     3 ||    26
       Short sword       |    38 |   129 |       ||   167
       Quarterstaff      |       |    50 |    29 ||    79
 Cast: Magic Dart        |    11 |    16 |       ||    27
       Searing Ray       |    10 |    13 |     4 ||    27
       Iskenderun's Myst |       |       |     2 ||     2
 Abil: Breathe Acid      |       |       |     1 ||     1
  Use: Potion            |       |     1 |     7 ||     8
       Scroll            |       |     3 |       ||     3
 Stab: Sleeping          |     1 |     8 |       ||     9
       Distracted        |       |     1 |       ||     1
  Eat: Chunk             |     2 |    11 |     3 ||    16
Armor: Skin              |    29 |    97 |    16 ||   142
Dodge: Dodged            |    77 |   129 |    43 ||   249
Block: Shield            |       |    34 |       ||    34
